AoeStats
← Law_Enforcer12

Nomad

506812920Analyzed
2v2 RM · 17d ago on Sep 15, 2026· 29m 25s· 4 players
Game mode
Random Map
Map size
176×176
Population
200
Speed
Normal
Resources
Standard
Victory
Conquest
Starting age
Dark Age
Ending age
Imperial Age
RankedLock teamsTeams togetherTeam positionsShared explorationLock speedFull tech treeHidden civsTurbo modeCheats
Victory
Defeat
🇬🇧 Franks · United Kingdom
633
+15
🇷🇺 Italians · Russia
521
+19
🇳🇿 Burgundians · New Zealand
651
-45
🇳🇿 Cumans · New Zealand
539
-15
Law_Enforcer12
9:36 Loom
15:11 Feudal Age
26:32 Castle Age
yacob
12:17 Loom
14:48 Feudal Age
16:13 Horse Collar
17:37 Double-Bit Axe
22:32 Wheelbarrow
joshuavletten
4:49 Loom
5:05 Loom
20:10 Feudal Age
20:39 Double-Bit Axe
20:37 Fishing Lines
22:42 Gold Mining
22:55 Man-at-Arms
24:58 Arson
25:36 Stone Mining
29:06 Forging
28:46 Fletching
28:56 Padded Archer Armor
28:56 Scale Mail Armor
Yakudzzza
4:31 Loom
17:44 Feudal Age
20:37 Wheelbarrow
19:48 Town Watch
19:48 Fishing Lines
20:32 Fletching
24:40 Gold Mining
24:42 Stone Mining
28:26 Castle Age
28:07 Padded Archer Armor
Connection lost

Rejoining the realm…

Still unreachable

The connection could not be restored.

Session expired

The server has moved on; the page needs a fresh start.